[Event "XIX Sants Open 2017"]
[Site "Cotxeres de Sants"]
[Date "2017.08.26"]
[Round "9"]
[White "Martinez Torras, Pol"]
[Black "Forte Esparza, Miguel"]
[Result "1/2-1/2"]
[ECO "A58"]
[WhiteElo "1647"]
[BlackElo "1602"]
[Annotator "NA"]
[PlyCount "52"]
[EventDate "2017.??.??"]
[EventType "swiss"]
[EventCountry "ESP"]
[SourceTitle "playchess.com"]
[Source "ChessBase"]
[SourceQuality "1"]
[TimeControl "40/5400+30:1800+30"]

1. d4 Nf6 2. c4 c5 3. d5 b5 4. cxb5 a6 5. bxa6 g6 6. Nc3 Bg7 7. g3 O-O 8. Nf3 d6 9. Bg2 Bxa6 10. O-O Nbd7 11. Re1 Qa5 12. h3 Rfb8 13. Qc2 Nb6 14. e4 Bc4 15. Nd2 Nfd7 16. Bf1 Ne5 17. Bxc4 Nbxc4 18. Kg2 Nxd2 19. Bxd2 Nc4 20. Reb1 Nxd2 21. Qxd2 Bxc3 22. bxc3 Rxb1 23. Rxb1 Qxa2 24. Rb2 Qc4 25. Qe3 Ra1 26. Kf3 Kg7 1/2-1/2

[Event "XIX Sants Open 2017"]
[Site "Cotxeres de Sants"]
[Date "2017.08.26"]
[Round "9"]
[White "Ferre Navarro, Joan"]
[Black "Lopez Oliva, Victor"]
[Result "0-1"]
[ECO "A48"]
[WhiteElo "1594"]
[BlackElo "1530"]
[Annotator "NA"]
[PlyCount "80"]
[EventDate "2017.??.??"]
[EventType "swiss"]
[EventCountry "ESP"]
[SourceTitle "playchess.com"]
[Source "ChessBase"]
[SourceQuality "1"]
[TimeControl "40/5400+30:1800+30"]

1. d4 Nf6 2. Nf3 g6 3. Bf4 d6 4. e3 Bg7 5. Bd3 O-O 6. h3 Nbd7 7. c4 Re8 8. Nc3 e5 9. dxe5 dxe5 10. Bg5 h6 11. Bxf6 Nxf6 12. Bc2 e4 13. Qxd8 Rxd8 14. Nxe4 Nxe4 15. Bxe4 Bxb2 16. Rb1 Bc3+ 17. Ke2 Be6 18. Bd5 Bxd5 19. cxd5 Rab8 20. Rhd1 c6 21. Rb3 Ba5 22. d6 f6 23. a3 Rd7 24. e4 Rbd8 25. Rbd3 Bb6 26. e5 Bc5 27. e6 Rxd6 28. e7 Re6+ 29. Re3 Rxe3+ 30. fxe3 Bxe7 31. Rxd8+ Bxd8 32. Nd4 Bb6 33. Kd3 Bxd4 34. Kxd4 b6 35. g3 Kf7 36. g4 Ke6 37. Ke4 a5 38. Kd4 Kd6 39. h4 b5 40. Ke4 b4 0-1

[Event "XIX Sants Open 2017"]
[Site "Cotxeres de Sants"]
[Date "2017.08.26"]
[Round "9"]
[White "Segura Ruiz, Carlos"]
[Black "Siegel, Rainer"]
[Result "1/2-1/2"]
[ECO "A01"]
[WhiteElo "1414"]
[BlackElo "1551"]
[Annotator "NA"]
[PlyCount "62"]
[EventDate "2017.??.??"]
[EventType "swiss"]
[EventCountry "ESP"]
[SourceTitle "playchess.com"]
[Source "ChessBase"]
[SourceQuality "1"]
[TimeControl "40/5400+30:1800+30"]

1. b3 d6 2. e3 Nf6 3. Bb2 e5 4. Bb5+ Nbd7 5. d4 e4 6. d5 Be7 7. Ne2 a6 8. Bxd7+ Bxd7 9. c4 O-O 10. Ng3 Re8 11. Nc3 Bf8 12. Qc2 Qe7 13. Rd1 b5 14. Rd4 b4 15. Ncxe4 Nxe4 16. Qxe4 Qg5 17. Qf3 g6 18. Ne4 Rxe4 19. Rxe4 f5 20. Rd4 Re8 21. O-O Bg7 22. Rd2 Bxb2 23. Rxb2 Re4 24. Rd2 Rh4 25. Rfd1 Qh6 26. Qg3 Rg4 27. Qh3 Rh4 28. Qg3 Rg4 29. Qh3 Rh4 30. Qg3 Rg4 31. Qh3 Qxh3 1/2-1/2

[Event "XIX Sants Open 2017"]
[Site "Cotxeres de Sants"]
[Date "2017.08.27"]
[Round "10"]
[White "Vargas Drechsler, Carlos"]
[Black "Garcia Ruiz, Adrian"]
[Result "0-1"]
[ECO "E06"]
[WhiteElo "1913"]
[BlackElo "1940"]
[Annotator "NA RC"]
[PlyCount "48"]
[EventDate "2017.??.??"]
[EventType "swiss"]
[EventCountry "ESP"]
[SourceTitle "playchess.com"]
[Source "ChessBase"]
[SourceQuality "1"]
[TimeControl "40/5400+30:1800+30"]

1. d4 Nf6 2. Nf3 e6 3. c4 d5 4. g3 Be7 5. Bg2 O-O 6. O-O dxc4 7. Ne5 c5 8. Be3 Nd5 9. Nc3 Nc6 10. Nxd5 exd5 11. Nxc6 bxc6 12. dxc5 Qa5 13. Qc2 Bxc5 14. Bxc5 Qxc5 15. Rac1 Re8 16. Rfd1 Rb8 17. b3 Ba6 18. e4 Rbd8 19. Bf1 h6 20. exd5 cxd5 21. bxc4 dxc4 22. Rxd8 Rxd8 23. Bxc4 Bxc4 24. Qxc4 Rd1+ 0-1

[Event "XIX Sants Open 2017"]
[Site "Cotxeres de Sants"]
[Date "2017.08.27"]
[Round "10"]
[White "Urgel Yvorra, Marc"]
[Black "Casset Bello, Elena"]
[Result "0-1"]
[ECO "B14"]
[WhiteElo "1857"]
[BlackElo "1936"]
[Annotator "NA RC"]
[PlyCount "64"]
[EventDate "2017.??.??"]
[EventType "swiss"]
[EventCountry "ESP"]
[SourceTitle "playchess.com"]
[Source "ChessBase"]
[SourceQuality "1"]
[TimeControl "40/5400+30:1800+30"]

1. e4 c6 2. d4 d5 3. exd5 cxd5 4. c4 Nf6 5. Nc3 g6 6. Bg5 Bg7 {[%emt 0:10:20] B14: Caro-Kann: Panov-Botvinnik Attack with 5...e6 and 5...g6} (6... Ne4 7. Nxe4 dxe4 8. Ne2 Bg7 9. Qd2 O-O 10. Rd1 Nc6 11. Be3 Qc7 12. Nc3 Rd8 13. Nb5 Qb8 14. d5 Ne5 15. Be2 a6 {0-1 (40) Ynojosa Aponte,F (2448)-Almasi,Z (2690) Tromsoe 2014}) 7. Qd2 Nc6 8. Nf3 Ne4 9. Nxe4 dxe4 10. d5 exf3 11. dxc6 Qxd2+ 12. Bxd2 $146 ({Predecessor:} 12. Kxd2 h6 13. Bf4 bxc6 14. gxf3 Bf5 15. Re1 Bxb2 16. Bd6 O-O-O {0-1 (16) Moen,A (2235)-Hansen,T (2259) Gausdal 1999}) 12... bxc6 13. O-O-O O-O 14. Be3 a5 15. b3 Bg4 16. g3 a4 17. b4 a3 18. Kc2 Rfb8 19. Bc5 Rb7 $11 ({Black should play} 19... e5 $17 20. Bd3 Be6) 20. Bd3 $1 Rab8 21. Be4 Bf5 22. Bxf5 gxf5 23. Rd3 Bb2 24. Rhd1 e5 25. Rxf3 Bd4 26. Bd6 Ra8 27. Rxf5 c5 28. Bxe5 Rxb4 29. Bxd4 cxd4 30. Rb1 d3+ 31. Kc1 d2+ 32. Kc2 Rxb1 0-1

[Event "XIX Sants Open 2017"]
[Site "Cotxeres de Sants"]
[Date "2017.08.27"]
[Round "10"]
[White "Abdelkader Garstka, Adam"]
[Black "Segura Ruiz, Carlos"]
[Result "1-0"]
[ECO "B10"]
[WhiteElo "1612"]
[BlackElo "1414"]
[Annotator "NA RC"]
[PlyCount "97"]
[EventDate "2017.??.??"]
[EventType "swiss"]
[EventCountry "ESP"]
[SourceTitle "playchess.com"]
[Source "ChessBase"]
[SourceQuality "1"]
[TimeControl "40/5400+30:1800+30"]

1. e4 c6 2. Nf3 d5 3. exd5 cxd5 4. d4 Bg4 5. Be2 e6 6. h3 Bh5 7. c3 a6 8. O-O b5 9. Re1 Nf6 10. Nbd2 Nc6 11. Nb3 Be7 12. Bf4 O-O 13. Ne5 Bxe2 14. Qxe2 Qc8 15. Nd2 Na5 16. Rec1 Nc4 17. Nexc4 dxc4 18. b3 Nd5 19. Be3 cxb3 20. Nxb3 Nb6 21. Rab1 Nc4 22. Nd2 Rb8 23. Bf4 Nxd2 24. Qxd2 Rb6 25. c4 Rc6 26. cxb5 axb5 27. Rxb5 Qa6 28. Qa5 Rxc1+ 29. Bxc1 Qc6 30. Bf4 Bd6 31. d5 exd5 32. Bxd6 Qxd6 33. Rxd5 Qc6 34. Qd2 h6 35. Rd8 Rxd8 36. Qxd8+ Kh7 37. Qd3+ g6 38. Qd2 Kg7 39. g3 Qe6 40. Kh2 Qb6 41. a4 Qa7 42. a5 Kh7 43. h4 h5 44. Kg1 Kg8 45. Qd8+ Kg7 46. Qb6 Qe7 47. a6 Qe1+ 48. Kh2 g5 49. Qe3 1-0

[Event "XIX Sants Open 2017"]
[Site "Cotxeres de Sants"]
[Date "2017.08.27"]
[Round "10"]
[White "Siegel, Rainer"]
[Black "Forte Esparza, Miguel"]
[Result "1-0"]
[ECO "B07"]
[WhiteElo "1551"]
[BlackElo "1602"]
[Annotator "NA RC"]
[PlyCount "93"]
[EventDate "2017.??.??"]
[EventType "swiss"]
[EventCountry "ESP"]
[SourceTitle "playchess.com"]
[Source "ChessBase"]
[SourceQuality "1"]
[TimeControl "40/5400+30:1800+30"]

1. d3 g6 2. Nd2 c5 3. Ngf3 Bg7 4. e4 Nf6 5. Be2 d5 6. c3 dxe4 7. dxe4 O-O 8. O-O Nc6 9. Qc2 a6 10. Nb3 b6 11. Bg5 Re8 12. Rad1 Qc7 13. Rfe1 Bb7 14. Bh4 Nd8 15. e5 Nd7 16. Bg3 e6 17. Nbd2 Nc6 18. Nc4 Ndxe5 19. Nfxe5 Nxe5 20. Nd6 Red8 21. Nxb7 Qxb7 22. Bxe5 Bxe5 23. Bf3 Qc7 24. Bxa8 Rxa8 25. g3 Bg7 26. Qd3 b5 27. Qd7 Qxd7 28. Rxd7 c4 29. Red1 Bf6 30. Rb7 Rf8 31. Ra7 b4 32. Rxa6 bxc3 33. bxc3 Bxc3 34. Rc1 Be5 35. Rxc4 Rb8 36. Rac6 Rb1+ 37. Kg2 Ra1 38. a4 Kg7 39. R6c5 Bf6 40. Re4 Bd8 41. Rc8 Bb6 42. Rc2 Kf6 43. Kf3 h5 44. h4 Ke7 45. Rc6 Ra3+ 46. Kg2 Bd8 47. Ra6 1-0

[Event "XIX Sants Open 2017"]
[Site "Cotxeres de Sants"]
[Date "2017.08.27"]
[Round "10"]
[White "Lopez Oliva, Victor"]
[Black "Martinez Gamiz, Marc"]
[Result "1/2-1/2"]
[ECO "B10"]
[WhiteElo "1530"]
[BlackElo "1318"]
[Annotator "NA RC"]
[PlyCount "76"]
[EventDate "2017.??.??"]
[EventType "swiss"]
[EventCountry "ESP"]
[SourceTitle "playchess.com"]
[Source "ChessBase"]
[SourceQuality "1"]
[TimeControl "40/5400+30:1800+30"]

1. e4 c6 2. Nc3 d5 3. Nf3 Nf6 4. exd5 cxd5 5. d4 Bg4 6. Be2 e6 7. O-O Nc6 8. h3 Bxf3 9. Bxf3 Qb6 10. Ne2 Be7 11. c3 O-O 12. Qc2 Rac8 13. Bf4 Nxd4 14. Nxd4 Qxd4 15. Be3 Qc4 16. Be2 Qc7 17. Rac1 Bc5 18. Qd3 Bxe3 19. Qxe3 Qc5 20. Qxc5 Rxc5 21. c4 Rfc8 22. b3 b5 23. Rfd1 g5 24. b4 R5c7 25. c5 a6 26. a3 Ne8 27. Ra1 Rc6 28. Ra2 Nc7 29. Rda1 a5 30. Rd2 Ra8 31. Rb1 axb4 32. axb4 f5 33. Rd3 e5 34. Rg3 h6 35. h4 Rg6 36. hxg5 hxg5 37. Rh3 g4 38. Rh5 Rf8 1/2-1/2